 Dungeon Crawl Stone Soup version 0.31-a0-986-g5e6e4ef867 (webtiles) character file.

Game seed: 4149581060068879805

2468 CowFu the Spear-Bearer (level 9, -10/72 HPs)
             Began as a Minotaur Fighter on Nov 21, 2023.
             Was an Initiate of Hepliaklqana.
             Mangled by an orc warlord
             ... wielding a +6 broad axe
              (34 damage)
             ... in a bailey.
             The game lasted 00:06:59 (4681 turns).

CowFu the Spear-Bearer (Minotaur Fighter)           Turns: 4681, Time: 00:06:59

Health: -10/72     AC: 12    Str: 24    XL:     9   Next: 26%
Magic:  8/8        EV:  6    Int:  5    God:    Hepliaklqana [......]
Gold:   67         SH:  8    Dex: 11    Spells: 8/8 levels left

rFire   . . .        a - +0 trident
rCold   . . .        g - +0 kite shield
rNeg    . . .        s - +0 plate armour
rPois   .            (helmet restricted)
rElec   .            b - scarf {+Inv}
rCorr   .            (no gloves)
SInv    .            (no boots)
Will    .....        l - amulet of regeneration Stlth
                     r - ring of flight
HPRegen 1.12/turn    (no ring)
MPRegen 0.11/turn

%: no passive effects
@: flying
A: horns 2, retaliatory headbutt
a: Renounce Religion, Evoke Invisibility


You were in a bailey.
You worshipped Hepliaklqana.
Hepliaklqana was noncommittal.
You visited 2 branches of the dungeon, and saw 8 of its levels.
You also visited: Bailey.

You collected 223 gold pieces.
You spent 156 gold pieces at shops.

Inventory:

Hand Weapons
 a - a +0 trident (weapon)
Armour
 b - a scarf of invisibility (worn)
 g - a +0 kite shield (worn)
 s - a +0 plate armour (worn)
Jewellery
 l - an amulet of regeneration (around neck)
 r - a ring of flight (left hand)
Scrolls
 d - a scroll of vulnerability
 e - 3 scrolls of fear
 h - a scroll of fog
 i - a scroll of enchant weapon {unknown}
Potions
 c - a potion of magic
 j - a potion of brilliance
 k - a potion of heal wounds {unknown}
 m - 5 potions of cancellation
 q - a potion of curing
 t - a potion of resistance


   Skills:
 + Level 4.7 Fighting
 - Level 14.0 Polearms
 + Level 4.7 Armour
 + Level 2.4 Dodging
 - Level 3.6 Shields


You had 8 spell levels left.
You didn't know any spells.
Your spell library was empty.

Dungeon Overview and Level Annotations

Branches:
Dungeon (8/15)             Temple (1/1) D:4          Bailey (1/1)
   Lair: D:8-11

Altars:
Ashenzari
Cheibriados
Elyvilon
Hepliaklqana
Kikubaaqudgha
Makhleb
Nemelex Xobeh
Okawaru
Qazlal
Ru
Sif Muna
Trog
Wu Jian
Xom
The Shining One

Shops:
D:4 *!![

Annotations:
D:4 2 transporters, Enter's ghost, weakling TrBe


Innate Abilities, Weirdness & Mutations

You have a pair of horns on your head.
You reflexively headbutt those who attack you in melee.


Message History

The orc warlord is moderately wounded.
The orc warlord hits you with a +6 broad axe!!
* * * LOW HITPOINT WARNING * * *
You completely miss the orc warlord.
The orc warlord is moderately wounded.
You block the orc warlord's attack.
You hit the orc warlord but do no damage.
You block the orc warlord's attack.
You hit the orc warlord but do no damage.
The orc warlord hits you with a +6 broad axe!
You barely miss the orc warlord. You puncture the orc warlord!
You headbutt the orc warlord, but do no damage.
The orc warlord is lightly wounded.
The orc warlord hits you with a +6 broad axe!
You hit the orc warlord but do no damage.
The orc warlord is lightly wounded.
The orc warlord hits you with a +6 broad axe!
You hit the orc warlord but do no damage.
Your headbutt misses the orc warlord.
The orc warlord is lightly wounded.
You hit the orc warlord. You headbutt the orc warlord.
The orc warlord is lightly wounded.
The orc warlord hits you but does no damage.
You puncture the orc warlord! Your headbutt misses the orc warlord.
The orc warlord is lightly wounded.
The orc warlord hits you with a +6 broad axe.
You hit the orc warlord. You headbutt the orc warlord.
The orc warlord is lightly wounded.
You block the orc warlord's attack.
You barely miss the orc warlord.
You headbutt the orc warlord, but do no damage.
The orc warlord is lightly wounded.
You hit the orc warlord.
The orc warlord is lightly wounded.
The orc warlord hits you with a +6 broad axe!!
You puncture the orc warlord!
The orc warlord is moderately wounded.
The orc warlord hits you with a +6 broad axe!!
You die...

♣♣♣♣♣
♣♣♣♣♣♣♣♣♣♣.∩.♣♣♣♣♣♣♣♣♣♣
♣≈≈≈≈≈≈........(≈≈≈≈≈≈♣♣
≈≈≈≈≈≈≈....∩..)o@≈≈≈≈≈≈♣♣
≈≈#####.......()#####≈≈≈♣♣
≈##...##.......##...##≈≈≈♣
##.....##.((..##.....##≈≈♣
#...8...##)''##...8...##≈♣
.......................##♣
........................#
.8..8.............8..8..#
......)......(..........#


You could see an orc warlord.

Vanquished Creatures
  Erica (D:8)
  An orc knight (Bailey)
  A wyvern (D:8)
  3 orc warriors
  A gnoll sergeant (D:5)
  2 scorpions (D:5)
  6 killer bees (D:7)
  A hound (D:2)
  2 orc priests
  A sleepcap (D:4)
  Terence (D:2)
  An iguana (D:4)
  4 orc wizards
  7 gnolls
  10 adders
  5 worms
  2 dart slugs
  15 orcs
  6 bats
  5 endoplasms
  2 giant cockroaches
  7 hobgoblins
  2 quokkas
  2 ball pythons
  A frilled lizard (D:2)
  8 goblins
  16 kobolds
  6 rats
119 creatures vanquished.

Vanquished Creatures (others)
  An orc wizard (D:7)
1 creature vanquished.

Grand Total: 120 creatures vanquished

Notes
Turn   | Place    | Note
-------+----------+-------------------------------------------
     0 | D:1      | CowFu the Minotaur Fighter began the quest for the Orb.
     0 | D:1      | Reached XP level 1. HP: 19/19 MP: 0/0
   301 | D:1      | Reached skill level 3 in Polearms
   323 | D:1      | Reached XP level 2. HP: 26/26 MP: 1/1
   847 | D:2      | Reached skill level 4 in Polearms
   982 | D:2      | Reached XP level 3. HP: 30/31 MP: 2/2
  1251 | D:2      | Reached skill level 5 in Polearms
  1377 | D:2      | Noticed Terence
  1385 | D:2      | Killed Terence
  1386 | D:2      | Reached XP level 4. HP: 28/39 MP: 3/3
  1446 | D:2      | Reached skill level 6 in Polearms
  1743 | D:3      | Found a burning altar of Makhleb.
  1794 | D:3      | Reached XP level 5. HP: 44/45 MP: 4/4
  1874 | D:3      | Found an iron altar of Okawaru.
  2215 | D:3      | Reached skill level 7 in Polearms
  2677 | D:4      | Found a sacrificial altar of Ru.
  2794 | D:4      | Found Goce's Armour Emporium.
  2880 | D:4      | Reached XP level 6. HP: 46/51 MP: 5/5
  2889 | D:4      | Found Dakkato's Distillery.
  2898 | D:4      | Bought a potion of resistance for 120 gold pieces
  2898 | D:4      | Bought a potion of curing for 36 gold pieces
  2992 | D:4      | Found Puconyb's Distillery.
  2996 | D:4      | Found Pikozun's General Store.
  3017 | D:4      | Reached skill level 8 in Polearms
  3032 | D:4      | Noticed Enter's ghost (weakling TrBe)
  3092 | D:4      | Identified the +9 spear of Triumph {elec, rElec rN+ Str-4
                  | Int+2}
  3092 | D:4      | Identified the +3 buckler "Etajeasaf" {-Tele Harm +Inv
                  | rCorr}
  3096 | D:4      | Found a transporter.
  3099 | D:4      | Found a transporter.
  3204 | D:4      | Found a staircase to the Ecumenical Temple.
  3360 | Temple   | Entered the Ecumenical Temple
  3365 | Temple   | Became a worshipper of Hepliaklqana the Forgotten
  3389 | D:5      | Entered Level 5 of the Dungeon
  3447 | D:5      | Found a glowing golden altar of the Shining One.
  3508 | D:5      | Reached skill level 9 in Polearms
  3575 | D:5      | Reached XP level 7. HP: 53/57 MP: 6/6
  3620 | D:5      | You are sucked into a shaft and drop 3 floors!
  3645 | D:8      | Noticed Erica
  3674 | D:8      | Killed Erica
  3675 | D:8      | Reached skill level 11 in Polearms
  3675 | D:8      | Reached XP level 8. HP: 18/64 MP: 7/7
  3767 | D:8      | Reached skill level 12 in Polearms
  3924 | D:7      | Reached skill level 13 in Polearms
  3960 | D:7      | Found a flagged portal.
  3967 | Bailey   | Entered a bailey
  4005 | Bailey   | Noticed an orc warlord
  4047 | Bailey   | Noticed an orc knight
  4239 | Bailey   | Killed an orc knight
  4240 | Bailey   | Reached skill level 14 in Polearms
  4240 | Bailey   | Reached XP level 9. HP: 54/72 MP: 8/8
  4326 | Bailey   | Found a runed translucent gate.
  4328 | Bailey   | Found a runed translucent gate.
  4330 | Bailey   | Found a runed translucent gate.
  4681 | Bailey   | Mangled by an orc warlord

Illustrated notes

Levels and vault maps discovered:
D:1:      dpeg_arrival_circle_labyrinth_c, layout_loops_ring
D:2:      layout_loops_ring, serial_forest, infiniplex_forest_lined_3,
          infiniplex_forest_lined_room_3, infiniplex_forest_zigzag_1,
          infiniplex_forest_clump_double, infiniplex_forest_lined_corner,
          infiniplex_forest_split, infiniplex_forest_lined_3, uniq_terence
D:3:      layout_basic, okawaru_gym_becter, lemuel_doored_altar
D:4:      layout_rooms, nicolae_overflow_crystal_walls,
          minmay_temple_entry_trees, serial_shops, nicolae_shop_tiny_glass,
          shop, nicolae_shop_industrial_runoff, shop,
          gammafunk_ghost_gnarly_gnolls
D:5:      layout_loops_ring, general_overflow_altar, tso_metal_star,
          grunt_temple_overflow_open, minmay_shop_damaged, moated_statue,
          kennysheep_generic_room_15
D:7:      old_forge, layout_loops_ring, enter_bailey_2,
          gammafunk_ghost_necromancy, uniq_pikel
D:8:      layout_loops_ring, vehumet_altar_wand_db,
          nicolae_concentric_dashed_squares_wild, hellmonk_guarded_unrand_zhor,
          uniq_maurice, uniq_erica, uniq_joseph, uniq_gastronok, uniq_jeremiah
Temple:   minmay_freezing_vapour_temple
Bailey:   bailey_axe_bossmonster_kennysheep, bailey

Skill      XL: |  1  2  3  4  5  6  7  8 |
---------------+-------------------------+-----
Polearms       | 3 4 5 6 7 9 11 14 | 14.0
Fighting       | 4 |  4.7
Armour         | 4 |  4.7
Dodging        | 2 |  2.4
Shields        | |  3.6

Action                     |  1- 3 |  4- 6 |  7- 9 || total
---------------------------+-------+-------+-------++-------
  Melee: Trident           |    93 |   191 |   238 ||   522
         Headbutt          |    12 |    32 |    34 ||    78
    Use: Scroll            |       |     9 |     3 ||    12
         Potion            |       |       |     2 ||     2
 Armour: Scale mail        |    32 |    30 |       ||    62
         Plate armour      |       |    68 |   155 ||   223
  Dodge: Dodged            |    23 |    26 |    25 ||    74
  Block: Buckler           |    12 |    20 |       ||    32
         Kite shield       |       |     1 |    47 ||    48

Table legend: (Time is in decaauts)
 A = Elapsed time spent in this place.
 B = Non-inter-level travel time spent in this place.
 C = Inter-level travel time spent in this place.
 D = Time resting spent in this place.
 E = Time spent auto-exploring this place.
 F = Levels seen in this place.
 G = Mean time per level.
                   A        B        C        D        E       F      G
               +--------+--------+--------+--------+--------+-----+--------+
         Total |   4627 |   4406 |    221 |      0 |   3292 |   9 |  514.1 |
       Dungeon |   3938 |   3721 |    217 |      0 |   2892 |   7 |  562.6 |
        Temple |     10 |      6 |      4 |      0 |      0 |   1 |   10.0 |
        Bailey |    677 |    677 |      0 |      0 |    400 |   1 |  677.0 |
               +--------+--------+--------+--------+--------+-----+--------+

Top non-repeatable levels by time:
     D:3: 975 daAuts
     D:2: 863 daAuts
     D:1: 831 daAuts
     D:4: 716 daAuts
  Bailey: 677 daAuts
     D:5: 224 daAuts
     D:8: 191 daAuts
     D:7: 135 daAuts
  Temple: 10 daAuts
